 Dungeon Crawl Stone Soup version 0.18.1-5-g4a78601 (webtiles) character file.

38 oplop the Insei (level 3, -2/23 HPs)
             Began as an Octopode Transmuter on May 10, 2016.
             Slain by a jackal (3 damage)
             ... on level 1 of the Dungeon.
             The game lasted 00:02:37 (1740 turns).

oplop the Insei (Octopode Transmuter)               Turns: 1740, Time: 00:02:37

Health: -2/23      AC:  1    Str: 10    XL:     3   Next: 43%
Magic:  1/6        EV: 12    Int: 20    God:
Gold:   71         SH:  0    Dex: 12    Spells: 3 memorised, 0 levels left

rFire  . . .     SeeInvis .       - Unarmed
rCold  . . .     Gourm    .     (no shield)
rNeg   . . .     Faith    .     (helmet restricted)
rPois  .         Spirit   .     (no amulet)
rElec  .         Dismiss  .     g - -2 ring of slaying (curse)
rCorr  .         Reflect  .     (no ring)
SustAt .         Harm     .     (no ring)
MR     .....                    (no ring)
Stlth  ++........               (no ring)
                                (no ring)
                                (no ring)
                                (no ring)

@: brilliant, lethally poisoned (-2 -> -7), very slightly contaminated, not
resistant to hostile enchantments, unstealthy
A: almost no armour, amphibious, 8 rings, constrict 8, camouflage 1, gelatinous
body 1
a: no special abilities


You were on level 1 of the Dungeon.
You were not hungry.

You visited 1 branch of the dungeon, and saw 2 of its levels.

You collected 71 gold pieces.

Inventory:

Missiles
 a - 12 arrows
Jewellery
 g - a cursed -2 ring of slaying (left tentacle)
Scrolls
 h - a scroll of identify {unknown}
 i - a scroll of enchant armour {unknown}
 j - a scroll of fear {unknown}
 k - a scroll of random uselessness {unknown}
 m - a scroll of enchant weapon {unknown}
 n - 2 scrolls of recharging {unknown}
 p - a scroll of remove curse {unknown}
Books
 b - a book of Changes

   Spells                             Type                      Level
   a - Beastly Appendage              Transmutation                1
   b - Sticks to Snakes               Transmutation                2
   c - Spider Form                    Transmutation/Poison         3
   d - Ice Form                       Ice/Transmutation            4
   e - Blade Hands                    Transmutation                5
Comestibles
 c - 2 bread rations
 d - 2 meat rations
 f - a slice of pizza


   Skills:
 + Level 1.2 Fighting
 + Level 2.7 Dodging
 + Level 3.2 Unarmed Combat
 + Level 2.2 Spellcasting
 * Level 2.6 Transmutations


You couldn't memorise any spells.
You knew the following spells:

 Your Spells              Type           Power        Failure   Level  Hunger
a - Beastly Appendage     Trmt           ###...       1%          1    #......
b - Sticks to Snakes      Trmt           ###.....     1%          2    ##.....
c - Spider Form           Trmt/Pois      ###.......   3%          3    ###....


Dungeon Overview and Level Annotations

Branches:
Dungeon (2/15)

Altars:
Ru

Annotations:
D:2 Robin


Innate Abilities, Weirdness & Mutations

You cannot wear most types of armour.
You are amphibious.
You can wear up to eight rings at the same time.
You can use your tentacles to constrict eight enemies at once.
Your skin changes colour to match your surroundings (Stealth).
Your rubbery body absorbs attacks (AC +1).


Message History

You constrict the jackal. The jackal bites you.
* * * LOW HITPOINT WARNING * * *
The jackal barely misses you.
Unknown command.
You tentacle-slap the jackal but do no damage.
The jackal is heavily wounded.
You constrict the jackal.
You kill the jackal!
* * * LOW HITPOINT WARNING * * *
You feel sick. The jackal closely misses you.
Unknown command.
You barely miss the jackal. You grab the jackal.
You constrict the jackal, but do no damage.
The jackal bites you but does no damage.
Unknown command.
You tentacle-slap the jackal. You squeeze the jackal.
You kill the jackal!
* * * LOW HITPOINT WARNING * * *
You feel sick. The jackal bites you.
You die...

#......##....#
#.....#
##.....##....#
#.###.# #.....##....#
#.# #.# ##....##....#
#.# #.# #..###.....#
#.# #.#
######.###....## #.#
#.# ....##..##....#
#.# #.#
....###.##....#######
#.# #.#
....'....'...)>h@...#
#.# #.#
....###.##.....####.#
#.# #.# ....#
#..#####.# #.# #.#
#.# ....# ##.##
##'####.###.# #.#
....# #..#
#...........# #.#
(...# ##.#
#......###### #.#
....# #.###......#
#.##### ....#
#..##......# #......
##### #..##......#
##########


You could see a jackal.

Vanquished Creatures
  A dart slug (D:1)
  3 bats
  2 giant cockroaches
  6 goblins
  2 hobgoblins (D:1)
  3 jackals (D:1)
  6 kobolds
  A giant newt (D:1)
  10 rats (D:1)
34 creatures vanquished.

Notes
Turn   | Place    | Note
--------------------------------------------------------------
     0 | D:1      | oplop the Octopode Transmuter began the quest for the Orb.
     0 | D:1      | Reached XP level 1. HP: 13/13 MP: 3/3
    78 | D:1      | Reached XP level 2. HP: 5/18 MP: 5/5
   287 | D:1      | Learned a level 2 spell: Sticks to Snakes
   958 | D:1      | Reached XP level 3. HP: 20/23 MP: 6/6
  1193 | D:1      | Learned a level 3 spell: Spider Form
  1254 | D:2      | Found a sacrificial altar of Ru.
  1324 | D:2      | Found a faded altar to an unknown god.
  1410 | D:2      | Noticed Robin
  1740 | D:1      | HP: 1/23 [poisoned by miscasting Spider Form (residual poison)]
  1740 | D:1      | Slain by a jackal

Action                   || total
-------------------------++-------
Melee: Unarmed           ||    86
       Constrict         ||    22
       Kick              ||    12
       Tentacles         ||     3
       Punch             ||     1
 Cast: Beastly Appendage ||    13
  Use: Potion            ||     2
 Stab: Sleeping          ||     5
  Eat: Chunk             ||     3
Armor: Skin              ||    11
Dodge: Dodged            ||    55
